Map: Blackpink LE

Players

Zaku

  • Race: Terran Terran
  • Spawn Location: 1:00

CinDra - Winner!

  • Race: Protoss Protoss
  • Spawn Location: 7:00

VOD

Have the link to the VOD?

Description

Time

  • Played on: Feb. 3, 2018, 10:40 p.m.
  • Length: 15:33
Show
View Real Time Build Order
Export as new Build Order

Zaku Terran 

Build Orders:  

Get SALT Encoding   

  12  0:04  SCV  
  13  0:15  Supply Depot  
  13  0:19  SCV  
  14  0:36  Refinery  
  14  0:42  Barracks  
  14  0:50  Supply Depot  
  14  0:59  SCV  
  15  1:33  Marine  
  16  1:51  Marine  
  17  2:02  Barracks  
  17  2:09  Marine  
  18  2:20  Command Center  
  18  2:35  Factory, Barracks Tech Lab  
  19  3:02  Marauder  
  20  3:24  Marauder  
  20  3:43  Barracks Tech Lab  
  20  3:45  Stimpack  
  22  3:55  Marauder  
  22  4:07  Widow Mine  
  24  4:17  Marauder, SCV  
  27  4:22  Marine  
  28  4:28  Widow Mine  
  28  4:29  SCV  
  31  4:37  Marine  
  32  4:40  Marine  
  32  4:41  SCV  
  34  4:50  Widow Mine  
  36  4:55  Marine  
  36  4:58  Marine  
  38  5:08  Orbital Command  
  38  5:13  Marine  
  41  5:14  Widow Mine  
  41  5:16  Marine  
  42  5:28  SCV  
  43  5:40  SCV  
  44  5:52  SCV  
  42  6:04  SCV  
  41  6:16  SCV  
  42  6:29  Marauder  
  44  6:36  Marine  
  44  6:38  SCV  
  46  6:56  SCV, Marine  
  46  7:06  Marauder  
  46  7:08  SCV  
  44  7:13  Marine  
  43  7:20  SCV  
  44  7:28  Marauder  
  46  7:33  Barracks  
  46  7:35  Engineering Bay  
  46  7:40  Widow Mine  
  46  7:42  Supply Depot  
  46  7:43  SCV, Supply Depot, Marine  
  46  7:49  Marauder, Supply Depot  
  46  7:50  Supply Depot  
  44  7:55  SCV  
  45  8:00  Marine  
  45  8:04  Widow Mine  
  48  8:08  SCV  
  48  8:10  Marauder  
  51  8:15  Terran Infantry Weapons Level 1, Starport  
  51  8:20  SCV  
  51  8:25  Widow Mine  
  54  8:33  Refinery  
  55  8:35  Orbital Command  
  54  8:43  Command Center  
  54  8:47  Marauder x2, Marine  
  59  9:05  Marine  
  59  9:08  Marine x2  
  62  9:12  Medivac  
  64  9:42  Medivac  
  66  9:47  Starport  
  66  10:01  Factory Reactor  
  35  11:24  Marauder x2  
  39  11:33  Barracks Reactor  
  39  11:35  Starport Reactor  
  39  11:37  Starport Reactor  
  39  11:42  Starport Tech Lab  
  39  11:45  Marauder x2  
  43  11:49  Medivac  
  45  12:06  SCV, Marine x2  
  48  12:10  Terran Infantry Armor Level 1  
  48  12:17  Armory  
  48  12:19  Medivac, SCV  
  51  12:24  Marine x2  
  51  12:28  Barracks  
  53  12:31  SCV  
  54  12:40  Refinery  
  54  12:42  Refinery  
  54  12:43  SCV  
  54  12:44  Marauder x2, Marine x2  
  61  12:52  Starport Tech Lab  
  61  12:54  Banshee  
  61  12:55  SCV  
  65  13:02  Marine x2  
  65  13:05  Marauder x2  
  71  13:07  Refinery  
  71  13:08  Refinery  
  71  13:12  Widow Mine  
  75  13:13  Widow Mine  
  75  13:20  Marine x2  
  75  13:23  Barracks Reactor  
  75  13:26  Marine  
  78  13:30  Banshee  
  78  13:33  Cloaking Field, Widow Mine  
  85  13:34  Widow Mine  
  85  14:02  Widow Mine x2  
  71  14:20  Fusion Core  
  71  14:24  Supply Depot  
  53  14:25  Supply Depot  
  53  14:26  Supply Depot  
  53  14:29  Supply Depot x2  
  53  14:31  Supply Depot  
  50  14:49  Marine x2  
  50  14:50  Marine x4  
  50  15:07  Marine x4  
  50  15:08  Marine x2  
Show
View Real Time Build Order
Export as new Build Order

CinDra Protoss - Winner!

Build Orders:  

Get SALT Encoding   

  12  0:05  Probe  
  13  0:17  Probe  
  14  0:33  Pylon  
  14  0:34  Probe (Chrono Boost)  
  15  0:51  Gateway  
  15  0:52  Probe (Chrono Boost)  
  16  0:57  Probe  
  17  1:09  Probe (Chrono Boost)  
  18  1:12  Assimilator  
  18  1:21  Probe (Chrono Boost)  
  19  1:26  Probe (Chrono Boost)  
  19  1:27  Pylon  
  20  1:35  Probe  
  20  1:39  Cybernetics Core  
  21  1:48  Zealot  
  23  1:56  Probe  
  23  2:07  Warp Gate  
  23  2:08  Probe (Chrono Boost)  
  23  2:14  Nexus  
  24  2:19  Probe (Chrono Boost)  
  24  2:20  Adept  
  27  2:24  Probe (Chrono Boost)  
  28  2:35  Probe  
  29  2:40  Pylon  
  29  2:47  Probe  
  30  2:58  Adept  
  32  3:09  Pylon  
  32  3:30  Probe (Chrono Boost)  
  32  3:33  Probe (Chrono Boost)  
  35  3:42  Probe (Chrono Boost)  
  35  3:46  Gateway, Probe (Chrono Boost)  
  35  3:47  Assimilator, Probe (Chrono Boost)  
  37  3:54  Adept, Probe  
  40  4:05  Robotics Facility  
  40  4:08  Twilight Council  
  40  4:15  Probe x2  
  42  4:27  Probe x2  
  44  4:37  Pylon  
  44  4:39  Probe x2  
  44  4:41  Stalker  
  48  4:46  Blink  
  48  4:51  Probe x2  
  50  4:52  Assimilator  
  50  4:54  Assimilator  
  50  4:57  Stalker  
  52  5:03  Probe x2  
  54  5:10  Gateway  
  54  5:15  Probe x2  
  54  5:16  Adept  
  54  5:21  Observer  
  59  5:32  Stalker  
  61  5:38  Pylon  
  61  5:49  Adept  
  51  6:04  Adept  
  45  6:13  Immortal (Chrono Boost)  
  49  6:25  Zealot  
  47  6:26  Stalker  
  49  6:53  Pylon  
  49  6:57  Pylon  
  47  7:18  Stalker  
  47  7:19  Stalker x2  
  53  7:29  Observer  
  54  7:34  Gateway  
  54  7:36  Gateway  
  50  8:02  Nexus  
  50  8:04  Pylon  
  50  8:17  Immortal  
  54  8:27  Stalker x3  
  56  8:33  Probe  
  61  8:45  Probe  
  62  8:52  Stalker x3  
  68  8:57  Probe  
  68  8:59  Pylon  
  69  9:03  Pylon  
  69  9:14  Nexus  
  69  9:28  Immortal  
  69  9:30  Stalker x3  
  79  9:50  Probe x2  
  81  9:52  Stalker  
  83  10:02  Probe x2  
  83  10:04  Stalker x4  
  93  10:12  Pylon  
  93  10:16  Probe x2  
  95  10:28  Probe  
  95  10:29  Probe  
  95  10:31  Pylon  
  79  11:16  Stalker  
  79  11:17  Stalker x4  
  85  11:33  Probe x3  
  85  11:35  Pylon  
  85  11:36  Pylon  
  88  11:41  Assimilator  
  88  11:44  Stalker x3  
  88  11:45  Assimilator, Stalker, Probe x3  
  99  11:47  Stalker  
  99  11:49  Immortal  
  105  11:56  Robotics Bay  
  105  11:57  Probe  
  106  12:04  Forge  
  106  12:05  Forge  
  106  12:18  Stalker  
  106  12:19  Stalker x2  
  106  12:20  Stalker  
  114  12:36  Probe x3  
  117  12:48  Probe x2  
  119  13:22  Stalker x5  
  129  13:27  Colossus  
  129  13:30  Extended Thermal Lance  
  135  13:34  Probe  
  135  13:35  Probe  
  137  13:51  Robotics Facility  
  137  13:55  Stalker  
  137  13:56  Stalker  
  137  14:02  Pylon  
  141  14:04  Pylon  
  123  14:26  Stalker  
  123  14:27  Stalker x4  
  129  15:18  Stalker  
  129  15:19  Stalker x4  
Tags
 
Matchup
PvT
Spawn Locations
Cross Positions
Add a new tag
Caveats
  • Supply blocks, unpowered buildings, or Contaminate may cause inaccurate times.
  • Supply counts are checked every 10 seconds.